 Dungeon Crawl Stone Soup version 0.21.1-1-g345015f (webtiles) character file.

940 aMcNicky the Basher (level 7, -1/66 HPs)
             Began as a Minotaur Fighter on Mar 3, 2018.
             Was a Believer of Dithmenos.
             Slain by a gnoll
             ... wielding a +0 halberd
              (6 damage)
             ... on level 5 of the Dungeon.
             The game lasted 00:10:31 (4111 turns).

aMcNicky the Basher (Minotaur Fighter)              Turns: 4111, Time: 00:10:32

Health: -1/66      AC:  8    Str: 27    XL:     7   Next: 88%
Magic:  6/6        EV:  7    Int:  5    God:    Dithmenos [**....]
Gold:   209        SH: 11    Dex: 10    Spells: 6/6 levels left

rFire    . . .     SeeInvis .   a - +1 flail
rCold    . . .     Gourm    .   c - +1 shield
rNeg     . . .     Faith    .   b - +0 scale mail
rPois    .         Spirit   .   (helmet restricted)
rElec    .         Reflect  .   (no cloak)
rCorr    .         Harm     .   e - +0 pair of gloves
MR       .....                  (no boots)
Stlth    ..........             (no amulet)
HPRegen  0.21/turn              (no ring)
MPRegen  0.10/turn              (no ring)

@: mighty, about to teleport, very slightly contaminated, wreathed by umbra
A: retaliatory headbutt, horns 2
a: Shadow Step, Renounce Religion


You were on level 5 of the Dungeon.
You worshipped Dithmenos.
Dithmenos was pleased with you.
You were not hungry.

You visited 1 branch of the dungeon, and saw 5 of its levels.

You collected 209 gold pieces.

Inventory:

Hand Weapons
 a - a +1 flail (weapon)
Armour
 b - a +0 scale mail (worn)
 c - a +1 shield (worn)
 e - a +0 pair of gloves (worn)
Jewellery
 i - an uncursed ring of stealth {unknown}
Wands
 v - a wand of scattershot (4)
Scrolls
 j - 2 scrolls of enchant armour
 l - 2 scrolls of magic mapping
 o - 3 scrolls of amnesia
 s - a scroll of teleportation
Potions
 k - a potion of haste {unknown}
 m - a potion of magic {unknown}
 n - a potion of resistance {unknown}
 q - a potion of agility {unknown}
 t - a potion of brilliance {unknown}
Comestibles
 f - 4 rations
 r - 10 chunks of flesh


   Skills:
 + Level 7.2 Fighting
 * Level 9.1 Maces & Flails
 - Level 3.7 Armour
 - Level 3.7 Shields


You had 6 spell levels left.
You didn't know any spells.

Dungeon Overview and Level Annotations

Branches:
Dungeon (5/15)
 Temple: D:4-7

Altars:
Cheibriados
Dithmenos
Okawaru
Trog
Wu Jian
Yredelemnul

Shops:
D:4 [*


Innate Abilities, Weirdness & Mutations

You reflexively headbutt those who attack you in melee.
You have a pair of horns on your head.


Message History

* * * LOW HITPOINT WARNING * * *
The gnoll barely misses you. You block the gnoll's attack.
The gnoll hits you from afar with a halberd of chopping.
* * * LOW HITPOINT WARNING * * *
x2 You block the gnoll's attack.
Okay, then.
Blink to where?
Press: ? - help, Dir - move target cursor, f - gnoll
Aim: a gnoll (fast)
You can't blink onto the gnoll!
Blink to where?
Press: ? - help, Dir - move target cursor, p - gnoll You are very lightly contaminated with residual magic.
As you read the scroll labeled YFYATU PANIZUWK, it crumbles to dust.
It was a scroll of blinking.
As you read the scroll labeled COEMMO HOITZEWYGG, it crumbles to dust.
You feel strangely unstable.
It was a scroll of teleportation.
You block the gnoll's attack. x2
The gnoll hits you from afar with a halberd.
You die...

###.########
............
≈....≈≈≈≈≈≈≈
≈....≈≈≈≈≈≈≈
≈....≈≈≈≈≈≈≈
............
#''''#############
#..gg#######..g..#
+..ggg)g.gg'.gg.@#
#..gg#######.gg..#
##''## #######
....g ...ggg
...gg.g ........
##++#####


You could see a gnoll sergeant and 6 gnolls.

Vanquished Creatures
  The ghost of aMcNicky the Shield-Bearer, an amateur MiFi of Ru (D:4)
  The ghost of aMcNicky the Skirmisher, an amateur MiFi (D:3)
  A scorpion (D:4)
  A crimson imp (D:5)
  A jelly (D:5)
  A centaur skeleton (D:4)
  A hound (D:4)
  An orc wizard (D:2)
  3 gnoll shamans (D:5)
  3 worker ants (D:4)
  7 adders
  5 gnolls
  2 adder skeletons
  4 worms
  A dart slug (D:1)
  2 leopard geckos
  6 orcs
  4 bats
  4 giant cockroaches
  8 goblins
  8 hobgoblins
  14 jackals
  A quokka (D:4)
  5 frilled lizards
  6 kobolds
  A quokka skeleton (D:5)
  12 rats
104 creatures vanquished.

Notes
Turn   | Place    | Note
-------+----------+-------------------------------------------
     0 | D:1      | aMcNicky the Minotaur Fighter began the quest for the Orb.
     0 | D:1      | Reached XP level 1. HP: 19/19 MP: 0/0
   123 | D:1      | Reached XP level 2. HP: 27/27 MP: 1/1
   138 | D:1      | Reached skill level 3 in Maces & Flails
   568 | D:2      | Reached XP level 3. HP: 23/33 MP: 2/2
   588 | D:2      | Reached skill level 4 in Maces & Flails
   606 | D:2      | HP: 1/34 [poisoned by an adder]
  1039 | D:2      | Reached XP level 4. HP: 32/41 MP: 3/3
  1245 | D:2      | Found a shadowy altar of Dithmenos.
  1255 | D:2      | Became a worshipper of Dithmenos the Shadowed
  1340 | D:2      | Reached skill level 5 in Maces & Flails
  1582 | D:3      | Reached XP level 5. HP: 40/47 MP: 4/4
  1907 | D:3      | Noticed aMcNicky's ghost (amateur MiFi)
  1908 | D:3      | Reached skill level 5 in Fighting
  1909 | D:3      | Reached * piety under Dithmenos
  1928 | D:3      | Killed aMcNicky's ghost
  1928 | D:3      | Reached skill level 6 in Maces & Flails
  1928 | D:3      | Reached XP level 6. HP: 22/56 MP: 5/5
  2787 | D:4      | Reached skill level 7 in Maces & Flails
  2812 | D:4      | Found Bayrhuuc's General Store.
  2838 | D:4      | Found an ornate altar of the Wu Jian Council.
  2838 | D:4      | Found a basalt altar of Yredelemnul.
  2840 | D:4      | Found a bloodstained altar of Trog.
  2842 | D:4      | Found an iron altar of Okawaru.
  2937 | D:4      | Found Azocs's Antique Armour Boutique.
  3254 | D:4      | Noticed aMcNicky's ghost (amateur MiFi)
  3272 | D:4      | Killed aMcNicky's ghost
  3272 | D:4      | Reached skill level 8 in Maces & Flails
  3272 | D:4      | Reached XP level 7. HP: 31/64 MP: 6/6
  3659 | D:5      | Entered Level 5 of the Dungeon
  3884 | D:5      | Found a snail-covered altar of Cheibriados.
  4096 | D:5      | Reached ** piety under Dithmenos
  4096 | D:5      | Reached skill level 9 in Maces & Flails
  4111 | D:5      | Slain by a gnoll

Skill      XL: |  1  2  3  4  5  6  7 |
---------------+----------------------+-----
Maces & Flails | 3 4 5 6 8 9 |  9.1
Fighting       | 4 5 6 7 |  7.2
Armour         | |  3.7
Shields        | |  3.7

Action                   |  1- 3 |  4- 6 |  7- 9 || total
-------------------------+-------+-------+-------++-------
Melee: Flail             |   116 |   152 |    49 ||   317
       Headbutt          |    13 |    28 |    12 ||    53
  Use: Scroll            |       |     2 |     5 ||     7
       Potion            |       |       |     1 ||     1
  Eat: Chunk             |     1 |     7 |       ||     8
       Ration            |       |       |     1 ||     1
Armor: Scale mail        |    65 |    51 |    12 ||   128
Dodge: Dodged            |    51 |    50 |    23 ||   124
Block: Shield            |    73 |    61 |    39 ||   173
